 Dungeon Crawl Stone Soup version 0.28.0-43-g3370ac3207 (webtiles) character file.

Game seed: 14335483078485485486

8577 Gabide the Thaumaturge (level 11, -4/80 HPs)
             Began as a Mummy Necromancer on Mar 15, 2022.
             Was an Initiate of Gozag.
             Hit by a large rock thrown by a cyclops (31 damage)
             ... on level 9 of the Dungeon.
             The game lasted 00:45:49 (18402 turns).

Gabide the Thaumaturge (Mummy Necromancer)         Turns: 18402, Time: 00:45:50

Health: -4/80      AC:  6    Str: 12    XL:     11   Next: 11%
Magic:  44/45      EV: 13    Int: 18    God:    Gozag
Gold:   1317       SH:  0    Dex: 13    Spells: 17/34 levels left

rFire   x . .      SeeInvis .   w - +4 dire flail (freeze)
rCold   + . .      Faith    .   (shield currently unavailable)
rNeg    + + +      Spirit   .   q - +0 troll leather armour
rPois   ∞          Reflect  .   c - +0 helmet
rElec   .          Harm     .   (no cloak)
rCorr   .          Rampage  .   x - +0 pair of gloves
Will    +....                   (no boots)
Stlth   ++........              (no amulet)
HPRegen 1.03/turn               p - ring of magical power
MPRegen 0.29/turn               i - ring of magical power

@: no status effects
A: cold resistance 1, negative energy resistance 3, torment resistance 2, heat
vulnerability 1, no potions
a: Renounce Religion, Potion Petition, Call Merchant, Bribe Branch


You were on level 9 of the Dungeon.
You worshipped Gozag.
Gozag was most pleased with you.
You visited 2 branches of the dungeon, and saw 11 of its levels.

You collected 1658 gold pieces.
You spent 39 gold pieces at shops.
You paid 302 gold pieces to Gozag.

Inventory:

Hand Weapons
 g - a +3 mace of pain
 t - a +2 dagger of pain
 u - a +6 long sword of electrocution
 w - a +4 dire flail of freezing (weapon)
Missiles
 j - a throwing net
Armour
 c - a +0 helmet (worn)
 e - a +1 leather armour of willpower
 q - a +0 troll leather armour (worn)
 x - a +0 pair of gloves (worn)
Jewellery
 b - a ring of see invisible
 d - the ring of Tender Moments {rElec Str+2 Int+3 Dex+5 Slay-2 SInv}
   (You found it on level 9 of the Dungeon)

   [ring of see invisible]

   Str:       It affects your strength (+2).
   Int:       It affects your intelligence (+3).
   Dex:       It affects your dexterity (+5).
   Slay:      It affects your accuracy & damage with ranged weapons and melee
   (-2).
   rElec:     It insulates you from electricity.
   SInv:      It lets you see invisible.
 i - a ring of magical power (right hand)
 l - a ring of ice
 o - a ring of resist corrosion
 p - a ring of magical power (left hand)
 s - a ring of willpower
Wands
 n - a wand of iceblast (15)
 r - a wand of flame (14)
Scrolls
 a - 2 scrolls of identify
 f - a scroll of teleportation
 h - 2 scrolls of immolation
 k - a scroll of summoning {unknown}
 m - a scroll of noise {unknown}
 v - a scroll of fog


   Skills:
 * Level 5.2 Fighting
 + Level 2.0 Maces & Flails
 + Level 2.4 Armour
 * Level 4.8 Dodging
 + Level 2.1 Stealth
 * Level 12.3 Spellcasting
 * Level 11.4 Necromancy
 + Level 0.6 Evocations


You had 17 spell levels left.
You knew the following spells:

 Your Spells              Type           Power      Damage    Failure   Level
a - Pain                  Necr           100%       1d9       1%          1
b - Vampiric Draining     Necr           51%        2d9       1%          3
c - Animate Dead          Necr           25%        N/A       1%          4
d - Agony                 Necr           51%        N/A       1%          5
e - Corpse Rot            Necr/Air       62%        N/A       1%          2
f - Blink                 Tloc           22%        N/A       12%         2

Your spell library contained the following spells:

 Spells                   Type           Power      Damage    Failure   Level
 Animate Skeleton         Necr           100%       N/A       1%          1
 Sting                    Tmut/Pois      44%        1d5       9%          1
 Poisonous Vapours        Pois/Air       22%        N/A       12%         2
 Inner Flame              Hex/Fire       11%        N/A       24%         3
 Lesser Beckoning         Tloc           11%        N/A       24%         3
 Cause Fear               Hex            5%         N/A       63%         4
 Olgreb's Toxic Radiance  Pois           11%        N/A       63%         4
 Manifold Assault         Tloc           11%        N/A       92%         5
 Discord                  Hex            5%         N/A       100%        8


Dungeon Overview and Level Annotations

Branches:
Dungeon (10/15)            Temple (1/1) D:4            Lair (0/6) D:9
    Orc (0/2) D:9

Altars:
Ashenzari
Cheibriados
Dithmenos
Elyvilon
Fedhas
Gozag
Hepliaklqana
Kikubaaqudgha
Makhleb
Nemelex Xobeh
Okawaru
Qazlal
Ru
Sif Muna
Trog
Uskayaw
Vehumet
Wu Jian
Xom
Yredelemnul
Zin
The Shining One

Shops:
D:6 *   D:10 *

Annotations:
D:3 1 runed translucent door, Crazy Yiuf


Innate Abilities, Weirdness & Mutations

You are immune to poison.
Your flesh is cold resistant. (rC+)
You are immune to negative energy. (rN+++)
You are immune to unholy pain and torment.
You are vulnerable to heat. (rF-)
You do not drink.


Message History

No target in view!
No target in view!
No target in view!
No target in view!
HP restored.
You now have 1317 gold pieces (gained 6).
You open the door.
There is an open door here.
There is an open door here.
m - a scroll labelled MIHUNYUCWA You see here a +0 robe.
There is a stone staircase leading up here.
There is an open door here.
There is an open door here.
Key pressed, stopping explore.
Okay, then.
Unknown command.
Casting: Vampiric Draining (safe; 1% risk of failure)
Confirm with . or Enter, or press ? or * to list all spells.
Aiming: Pain (safe; 1% risk of failure)
Press: ? - help, Shift-Dir - straight line, f - cyclops
Aim: a cyclops, quivering large rocks (wandering, hasn't noticed you, chance to affect: 70%)
The cyclops shouts!
The cyclops struggles to resist.
Casting: Pain (safe; 1% risk of failure)
Confirm with . or Enter, or press ? or * to list all spells.
Aiming: Pain (safe; 1% risk of failure)
Press: ? - help, Shift-Dir - straight line, f/p - cyclops
Aim: a cyclops, quivering large rocks (chance to affect: 70%)
The cyclops writhes in agony.
The cyclops throws a large rock.
The large rock hits you!!!
Aiming: Iceblast
Press: ? - help, Shift-Dir - straight line, f/p - cyclops
Aim: a cyclops, quivering large rocks (lightly wounded)
The mass of ice explodes!
The iceblast engulfs the cyclops!
The cyclops is lightly wounded.
The cyclops throws a large rock.
The large rock hits you!!
The cyclops throws a large rock.
The large rock hits you!!
You die...
Your body crumbles into a pile of gold.

#..........[...................#.
'......####.#.!................##
#......# #.###...............>..
#......# #.###..#C.##..#.#.#....
#......# #.#.#.>#...............
#......# #.#...........#.#.#..#.
...########.............#.###....
...# #...............#### #..#.
...# #.....[..@####### ##..##
...# #..###.##.###########.....
...# #..# #.##...............##
'#######..# #.##'####.##.#.#..###
......##..# #.......#.#.##....##.
.#######..# #.#...#.#.##.#.......
.♣ #......###.#...#.#.#.##.......
.♣♣###........##'##.#........#.##
.....#........##.##.##.##....#.##


You could see a cyclops.

Vanquished Creatures
  Pikel (D:6)
  Joseph (D:7)
  A komodo dragon (D:9)
  A troll (D:10)
  A hornet (D:10)
  3 wraiths
  A wyvern (D:9)
  14 yaks
  Grum (D:9)
  Menkaure (D:7)
  An acid dragon (D:5)
  2 sky beasts
  A water moccasin (D:5)
  2 black bears (D:5)
  An ice beast (D:6)
  3 orc warriors
  4 ogres
  2 wolves (D:9)
  6 centaurs
  A phantom (D:4)
  5 kobold brigands
  3 bullfrogs
  A gnoll sergeant (D:7)
  A scorpion (D:6)
  A water moccasin skeleton (D:6)
  4 killer bees (D:5)
  8 wights
  A bullfrog zombie (D:7)
  4 centaur zombies
  2 hounds
  5 orc priests
  Natasha (thrice) (D:2)
  6 iguanas
  A scorpion zombie (D:5)
  5 orc wizards
  A killer bee zombie (D:8)
  A hound skeleton (D:4)
  2 howler monkey zombies (D:7)
  7 gnolls
  14 adders
  A howler monkey skeleton (D:6)
  2 shadow imps
  A white imp (D:5)
  An ufetubus (D:5)
  A worm (D:5)
  2 dart slugs
  19 orcs
  5 endoplasms
  5 giant cockroaches
  4 hobgoblins
  6 jackals
  3 quokkas
  8 ball pythons
  3 bats
  A frilled lizard (D:1)
  9 goblins
  19 kobolds
  6 rats (D:1)
219 creatures vanquished.

Vanquished Creatures (others)
  4 plants
4 creatures vanquished.

Grand Total: 223 creatures vanquished

Notes
Turn   | Place    | Note
-------+----------+-------------------------------------------
     0 | D:1      | Gabide the Mummy Necromancer began the quest for the Orb.
     0 | D:1      | Reached XP level 1. HP: 13/13 MP: 4/4
   405 | D:1      | Reached XP level 2. HP: 20/20 MP: 1/5
   712 | D:1      | Reached skill level 3 in Spellcasting
  1240 | D:1      | Reached XP level 3. HP: 25/25 MP: 5/7
  1244 | D:1      | Learned a level 3 spell: Vampiric Draining
  1407 | D:2      | Noticed Natasha
  1413 | D:2      | Killed Natasha
  1414 | D:2      | Reached skill level 1 in Fighting
  1776 | D:2      | Found a faded altar of an unknown god.
  1788 | D:2      | Reached XP level 4. HP: 29/32 MP: 0/9
  1842 | D:2      | Noticed Natasha
  1846 | D:2      | Killed Natasha
  1847 | D:2      | Reached skill level 4 in Spellcasting
  1995 | D:2      | Noticed Natasha
  1998 | D:2      | Killed Natasha
  1999 | D:2      | Reached skill level 5 in Necromancy
  2540 | D:3      | Reached XP level 5. HP: 37/37 MP: 7/11
  3496 | D:3      | Found a runed translucent door.
  3497 | D:3      | Noticed Crazy Yiuf
  4095 | D:4      | Noticed an ogre
  4097 | D:4      | Noticed a phantom
  4176 | D:3      | Learned a level 4 spell: Animate Dead
  4622 | D:4      | Reached XP level 6. HP: 43/43 MP: 2/13
  4915 | D:3      | Reached skill level 5 in Spellcasting
  5328 | D:3      | Reached XP level 7. HP: 49/49 MP: 4/15
  5614 | D:4      | Found a staircase to the Ecumenical Temple.
  5632 | Temple   | Entered the Ecumenical Temple
  5846 | Temple   | Became a worshipper of Gozag Ym Sagoz the Greedy
  5877 | D:4      | Found a broken altar of Ashenzari.
  5884 | D:4      | Reached skill level 6 in Spellcasting
  6225 | D:4      | Found a sparkling altar of Nemelex Xobeh.
  6629 | D:5      | Entered Level 5 of the Dungeon
  6642 | D:5      | Reached skill level 1 in Armour
  7176 | D:5      | Reached skill level 7 in Spellcasting
  7176 | D:5      | Reached XP level 8. HP: 57/57 MP: 2/18
  7913 | D:5      | Learned a level 5 spell: Agony
  7983 | D:5      | Learned a level 2 spell: Corpse Rot
  8295 | D:5      | Found a shimmering altar of Xom.
  8361 | D:5      | Reached skill level 8 in Spellcasting
  8563 | D:6      | Found Anouhud's General Store.
  8772 | D:5      | Reached skill level 1 in Maces & Flails
  8772 | D:5      | Reached XP level 9. HP: 46/64 MP: 8/21
  9720 | D:6      | Found a shadowy altar of Dithmenos.
 10433 | D:7      | Noticed Pikel
 10448 | D:6      | Killed Pikel
 10449 | D:6      | Reached skill level 9 in Spellcasting
 10649 | D:6      | Bought a scroll of teleportation for 39 gold pieces
 11046 | D:7      | Found a blossoming altar of Fedhas.
 11330 | D:7      | Noticed Menkaure
 11332 | D:7      | Killed Menkaure
 11500 | D:7      | Noticed Joseph
 11516 | D:7      | Killed Joseph
 11627 | D:7      | Reached skill level 10 in Spellcasting
 11773 | D:7      | Found a burning altar of Makhleb.
 12409 | D:7      | Reached skill level 10 in Necromancy
 12409 | D:7      | Reached XP level 10. HP: 63/73 MP: 21/24
 12957 | D:8      | Found a radiant altar of Vehumet.
 13139 | D:8      | Learned a level 2 spell: Blink
 13636 | D:8      | Found a shimmering blue altar of Sif Muna.
 14586 | D:9      | Found a staircase to the Orcish Mines.
 14621 | D:8      | Reached skill level 11 in Spellcasting
 14693 | D:9      | Found a stormy altar of Qazlal.
 15586 | D:9      | Found a staircase to the Lair.
 15742 | D:9      | Noticed Grum
 15812 | D:9      | Killed Grum
 15819 | D:9      | Identified the ring of Tender Moments {rElec Str+2 Int+3
                  | Dex+5 Slay-2 SInv}
 16204 | D:8      | Reached skill level 5 in Fighting
 16422 | D:10     | Entered Level 10 of the Dungeon
 16832 | D:10     | Reached skill level 12 in Spellcasting
 16936 | D:10     | Found Zin's Purification Station.
 16964 | D:10     | Reached XP level 11. HP: 33/79 MP: 20/27
 17388 | D:10     | Found an ancient bone altar of Kikubaaqudgha.
 18188 | D:9      | Found an ornate altar of the Wu Jian Council.
 18402 | D:9      | Hit by a large rock thrown by a cyclops

Illustrated notes

Levels and vault maps discovered:
D:1:      evilmike_arrival_rings, layout_basic
D:2:      layout_loops_ring, basic_ecumenical_altar, uniq_natasha
D:3:      layout_basic, grunt_ministairs_7, kennysheep_flooded_box,
          uniq_crazy_yiuf_cottage
D:4:      layout_cave_pools, cheibrodos_ashenzari_chains,
          nemelex_dance_club_becter, minmay_temple_entry_overgrown,
          minmay_snake_closets
D:5:      layout_gridville, xom_butterflies, chequers_serial_rivers_room_a
D:6:      layout_basic, grunt_dithmenos_shadows, serial_shops,
          nicolae_take_the_stairs, minivault_23
D:7:      layout_basic, mainiacjoe_overflow_surrounded_room,
          general_overflow_altar, chequers_jeans, nicolae_elevator_lobby_plus,
          uniq_menkaure, uniq_pikel, uniq_joseph
D:8:      layout_cave_pods, kennysheep_little_box, lemuel_crystal_altar
D:9:      layout_basic, nicolae_wu_jian_glorious_leap,
          mainiacjoe_overflow_alcove_1, lair_entry_dummy, orc_0_dummy,
          minmay_misc_feat_more_columns, minmay_misc_feat_tiny,
          minmay_tree_intersection, uniq_grum
D:10:     layout_gridville, zin_purify, lemuel_doored_altar, tso_oasis_becter,
          enter_bailey_7
Temple:   jpeg_temple_island

Skill      XL: |  1  2  3  4  5  6  7  8  9 10 |
---------------+-------------------------------+-----
Spellcasting   | 3 4 5 7 8 10 12 | 12.3
Fighting       | 1 2 3 4 5 |  5.2
Dodging        | 2 3 4 |  4.8
Necromancy     | 5 6 8 10 11 | 11.4
Armour         | 1 2 |  2.4
Maces & Flails | 1 2 |  2.0
Stealth        | 2 |  2.1
Evocations     | |  0.6

Action                   |  1- 3 |  4- 6 |  7- 9 | 10-12 || total
-------------------------+-------+-------+-------+-------++-------
Melee: Unarmed           |    18 |       |       |       ||    18
       Mace              |       |     1 |   106 |    70 ||   177
       Punch             |       |       |     2 |     1 ||     3
       Dire flail        |       |       |       |    30 ||    30
 Cast: Pain              |    75 |    69 |    19 |    18 ||   181
       Vampiric Draining |     1 |    26 |   133 |   120 ||   280
       Animate Dead      |       |     1 |       |       ||     1
Invok: Potion Petition   |       |       |     1 |       ||     1
Evoke: Wand              |       |       |     9 |    23 ||    32
  Use: Scroll            |       |     3 |     5 |    11 ||    19
 Stab: Sleeping          |       |       |     1 |     1 ||     2
       Distracted        |       |       |       |     1 ||     1
Armor: Robe              |    13 |     2 |       |       ||    15
       Leather armour    |       |     4 |    74 |    54 ||   132
       Troll leather arm |       |       |       |     8 ||     8
Dodge: Dodged            |    22 |    18 |   173 |   172 ||   385
